 Dungeon Crawl Stone Soup version 0.32-a0-540-g866d13106e (webtiles) character file.

Game seed: 18255667366912933139

39133 ragingrage the Markshuman (level 14, -9/110 HPs)
             Began as a Human Hexslinger on Feb 29, 2024.
             Was a High Priest of Fedhas.
             Killed by an exploding ballistomycete spore (27 damage)
             ... set off by their pet
             ... on level 5 of the Lair of Beasts.
             The game lasted 00:26:34 (18657 turns).

ragingrage the Markshuman (Human Hexslinger)       Turns: 18657, Time: 00:26:34

Health: -9/110     AC: 12    Str:  8    XL:     14   Next: 5%
Magic:  14/22      EV: 17    Int: 15    God:    Fedhas [*****.]
Gold:   873        SH:  0    Dex: 20    Spells: 2/15 levels left

rFire   + . .        b - +0 orcbow
rCold   . . .        (shield currently unavailable)
rNeg    . . .        x - +0 steam dragon scales
rPois   .            q - +2 hat
rElec   .            n - +2 cloak
rCorr   .            s - +0 pair of gloves
SInv    .            f - +0 pair of boots
Will    +....        S - amulet of regeneration
Stlth   +            k - ring of protection from fire
HPRegen 1.18/turn    D - ring of wizardry
MPRegen 0.18/turn

%: wizardry (x1)
@: confused
A: explore regen
a: Renounce Religion, Wall of Briars, Grow Ballistomycete, Overgrow, Grow Oklob


You were on level 5 of the Lair of Beasts.
You worshipped Fedhas.
Fedhas was extremely pleased with you.
You visited 3 branches of the dungeon, and saw 18 of its levels.

You collected 1001 gold pieces.
You spent 128 gold pieces at shops.

Inventory:

Hand Weapons
 a - a +3 sling
 b - a +0 orcbow (weapon)
 F - the +7 Throatcutter {drain, coup de grace}
   (You took it off an orc wizard on level 10 of the Dungeon)
Missiles
 e - 12 atropa-tipped darts
 u - 51 poisoned darts
 I - a curare-tipped dart
Armour
 f - a +0 pair of boots (worn)
 n - a +2 cloak (worn)
 q - a +2 hat (worn)
 s - a +0 pair of gloves (worn)
 x - +0 steam dragon scales (worn)
 A - a +2 robe of positive energy
 B - a +1 leather armour of cold resistance
 X - a +2 pair of boots
Jewellery
 h - a ring of flight
 k - a ring of protection from fire (left hand)
 D - a ring of wizardry (right hand)
 M - a ring of positive energy
 S - an amulet of regeneration (around neck)
Wands
 p - a wand of flame (22)
 v - a wand of roots (16)
 G - a wand of acid (5)
 O - a wand of charming (5)
 P - a wand of digging (5)
 U - a wand of polymorph (6)
Scrolls
 c - 3 scrolls of amnesia
 l - 3 scrolls of immolation
 m - 4 scrolls of enchant weapon
 r - 6 scrolls of fear
 w - 2 scrolls of noise
 y - 2 scrolls of fog
 C - 3 scrolls of vulnerability
 K - 5 scrolls of teleportation
 N - 4 scrolls of poison
 T - a scroll of revelation
 Z - a scroll of summoning
Potions
 g - a potion of might {unknown}
 i - 4 potions of mutation
 j - 2 potions of heal wounds
 o - 3 potions of lignification
 t - 6 potions of curing
 z - a potion of berserk rage {unknown}
 E - 2 potions of invisibility
 H - 3 potions of brilliance
 J - 4 potions of attraction
 L - a potion of enlightenment
 R - a potion of magic {unknown}
 W - a potion of resistance {unknown}
Miscellaneous
 d - a phial of floods
 Q - a condenser vane (inert)
 V - a phantom mirror


   Skills:
 - Level 10.0 Fighting
 - Level 16.0 Ranged Weapons
 + Level 7.9 Dodging
 - Level 4.0 Stealth
 - Level 1.0 Spellcasting
 - Level 5.0 Hexes
 - Level 2.0 Fire Magic
 + Level 11.0 Invocations
 + Level 5.7 Evocations


You had 2 spell levels left.
You knew the following spells:

 Your Spells              Type           Power      Damage    Failure   Level
a - Jinxbite              Hex            30%        N/A       1%          2
b - Inner Flame           Hex/Fire       11%        N/A       7%          3
c - Cause Fear            Hex            7%         N/A       12%         4
d - Dimensional Bullseye  Hex/Tloc       4%         N/A       32%         4

Your spell library contained the following spells:

 Spells                   Type           Power      Damage    Failure   Level
 Magic Dart               Conj           0%         1d3       10%         1
 Shock                    Conj/Air       0%         1d3       10%         1
 Lesser Beckoning         Tloc           0%         N/A       16%         2
 Sigil of Binding         Hex            15%        N/A       4%          3
 Dazzling Flash           Conj/Hex       16%        N/A       11%         3
 Frozen Ramparts          Ice            0%         1d1       28%         3
 Gell's Gravitas          Tloc           0%         N/A       28%         3
 Mephitic Cloud           Conj/Alch/Air  0%         N/A       28%         3
 Stone Arrow              Conj/Erth      0%         3d7       28%         3
 Swiftness                Air            0%         N/A       28%         3
 Teleport Other           Tloc           0%         N/A       28%         3
 Airstrike                Air            0%         2d(0-16)  65%         4
 Leda's Liquefaction      Alch/Erth      0%         N/A       65%         4
 Petrify                  Alch/Erth      0%         N/A       65%         4
 Metabolic Englaciation   Hex/Ice        4%         N/A       65%         5
 Silence                  Hex/Air        4%         N/A       65%         5
 Curse of Agony           Necr           0%         N/A       92%         5
 Summon Forest            Summ/Tloc      0%         N/A       92%         5
 Bombard                  Conj/Erth      0%         9d1       100%        6
 Eringya's Noxious Bog    Alch           0%         4d6       100%        6
 Summon Hydra             Summ           0%         N/A       100%        7
 Chain Lightning          Conj/Air       0%         N/A       100%        9


Dungeon Overview and Level Annotations

Branches:
Dungeon (12/15)            Temple (1/1) D:7            Lair (5/5) D:8
  Snake (0/4) Lair:2        Slime (0/5) Lair:4          Orc (0/2) D:11
  Swamp: Lair:2-3    Shoals: Lair:2-3

Altars:
Ashenzari
Cheibriados
Dithmenos
Elyvilon
Fedhas
Gozag
Hepliaklqana
Kikubaaqudgha
Makhleb
Nemelex Xobeh
Okawaru
Qazlal
Ru
Sif Muna
Trog
Uskayaw
Vehumet
Wu Jian
Xom
Yredelemnul
Zin
The Shining One
Beogh
Jiyva

Shops:
D:5 !   D:9 :=?:

Annotations:
D:3 exclusion: downstairs
D:4 exclusion: downstairs
D:7 2 transporters, HC7's ghost, novice TrWr
D:10 2 exclusions
D:11 3 runed translucent doors, exclusion: downstairs
D:12 Fannar
Lair:2 exclusion: upstairs
Lair:3 2 exclusions


Innate Abilities, Weirdness & Mutations

You regain HP and MP as you explore.


Message History

The blink frog hits your oklob sapling!
Your ballistomycete spore explodes!
The blink frog appears confused.
The explosion of spores engulfs the blink frog!!
The explosion of spores engulfs the small abomination!!
You destroy the small abomination!
Fedhas accepts your kill. Fedhas protects your plant from harm.
The blink frog appears confused.
The explosion of spores engulfs the blink frog!
The explosion of spores engulfs you!!
You are confused.
* * * LOW HITPOINT WARNING * * *
Fedhas protects your plant from harm.
The blink frog hits your ballistomycete!!
You hear a loud, deep croak!
You hear a croak.
You hear an angry hiss.
You hear a bellow! x3; You hear a horrible gurgling sound!
A ballistomycete spore comes into view.
Unknown command.
Are you sure you want to stumble around while confused and next to the ballistomycete spore?
Okay, then.
You feel better.
The blink frog barely misses the rime drake.
Your ballistomycete spore explodes!
The blink frog appears confused.
The explosion of spores engulfs the blink frog!!
You kill the blink frog!
Fedhas appreciates your contribution to the ecosystem.
The rime drake appears confused.
The explosion of spores engulfs the rime drake!!!
You kill the rime drake!
Fedhas appreciates your contribution to the ecosystem.
Fedhas protects your plant from harm.
The blink frog appears confused.
The explosion of spores engulfs the blink frog!!
You kill the blink frog!
Fedhas appreciates your contribution to the ecosystem.
The explosion of spores engulfs you!!
You are confused.
You die...
Fedhas appreciates your contribution to the ecosystem.

♣♣..♣♣♣♣
♣♣♣♣♣♣ ♣..♣♣
♣...... ♣..♣
..... ♣.♣♣
♣♣..♣ ♣.♣♣
♣♣♣..†♣
♣..♣♣♣.....♣
♣..♣.....♣♣♣
♣♣...†..P♣
♣..♣♣P@P♣
♣...♣♣♣♣♣
♣♣...♣
♣♣.... ♣..♣.
♣.. ♣ ♣♣♣


You could see 2 friendly scrub nettles, a friendly ballistomycete (summoned) and
a friendly oklob sapling (summoned).

Vanquished Creatures
  2 hydras
  4 two-headed ogres
  A boulder beetle (D:11)
  A skyshark (Lair:3)
  4 lindwurms (Lair:3)
  A manticore (D:11)
  9 elephants
  11 cane toads
  A gargoyle (D:11)
  A torpor snail (Lair:5)
  8 komodo dragons
  3 rime drakes
  3 polar bears
  3 trolls
  9 hornets
  10 dream sheep
  8 blink frogs
  2 slime creatures (Lair:4)
  40 yaks
  A shadow (D:8)
  2 wraiths
  4 wyverns
  A basilisk (Lair:1)
  Eustachio (D:6)
  4 steam dragons
  An acid dragon (D:11)
  A swamp worm (Lair:3)
  12 water moccasins
  6 orc warriors
  A sky beast (D:6)
  An ogre (D:5)
  10 centaurs
  31 wolves
  2 phantoms
  3 kobold brigands
  18 bullfrogs
  A small abomination (Lair:5)
  A scorpion (D:4)
  7 wights
  3 killer bees
  4 electric eels
  A bombardier beetle (D:5)
  2 jellies (Lair:4)
  4 hounds
  8 orc priests
  Jessica (D:3)
  4 iguanas
  15 orc wizards
  7 gnolls
  2 adders
  2 shadow imps
  2 white imps
  2 ufetubi (D:6)
  A ribbon worm (D:2)
  2 dart slugs
  49 orcs
  6 ball pythons
  5 endoplasms
  2 giant cockroaches (D:4)
  3 goblins
  5 hobgoblins
  4 jackals (D:1)
  21 kobolds
  6 bats
  4 frilled lizards
  A rat (D:1)
395 creatures vanquished.

Vanquished Creatures (collateral kills)
  A blink frog (Lair:5)
  An orc (D:11)
  6 ballistomycete spores
8 creatures vanquished.

Grand Total: 403 creatures vanquished

Notes
Turn   | Place    | Note
-------+----------+-------------------------------------------
     0 | D:1      | ragingrage the Human Hexslinger began the quest for the
                  | Orb.
     0 | D:1      | Reached XP level 1. HP: 15/15 MP: 2/2
   232 | D:2      | Reached XP level 2. HP: 21/21 MP: 3/3
   539 | D:2      | Found a faded altar of an unknown god.
   558 | D:2      | Learned a level 2 spell: Jinxbite
   569 | D:2      | Reached skill level 3 in Ranged Weapons
   569 | D:2      | Reached skill level 1 in Stealth
   569 | D:2      | Reached XP level 3. HP: 26/26 MP: 1/4
  1654 | D:3      | Noticed Jessica
  1658 | D:3      | Reached XP level 4. HP: 32/32 MP: 2/5
  1659 | D:3      | Killed Jessica
  1881 | D:3      | Found a burning altar of Makhleb.
  2110 | D:3      | Reached XP level 5. HP: 31/37 MP: 3/6
  2116 | D:3      | Reached skill level 4 in Ranged Weapons
  2349 | D:4      | Noticed a phantom
  2726 | D:4      | Killed a phantom
  2727 | D:4      | Reached skill level 5 in Ranged Weapons
  2727 | D:4      | Reached XP level 6. HP: 39/43 MP: 4/7
  3062 | D:4      | Reached skill level 6 in Ranged Weapons
  3353 | D:5      | Entered Level 5 of the Dungeon
  3365 | D:4      | Reached XP level 7. HP: 47/48 MP: 6/8
  3704 | D:5      | Found Etank's Distillery.
  3710 | D:5      | Bought a potion of curing for 36 gold pieces
  3710 | D:5      | Bought a potion of degeneration for 12 gold pieces
  3736 | D:5      | Reached skill level 7 in Ranged Weapons
  4250 | D:5      | Found a basalt altar of Yredelemnul.
  4250 | D:5      | Found a shimmering altar of Xom.
  4388 | D:5      | Reached skill level 8 in Ranged Weapons
  4413 | D:5      | Found a sparkling altar of Nemelex Xobeh.
  4463 | D:5      | Got the Enchiridion on Conjury
  5082 | D:6      | Noticed Eustachio
  5113 | D:6      | Killed Eustachio
  5114 | D:6      | Reached XP level 8. HP: 54/54 MP: 4/9
  5177 | D:6      | Found a blossoming altar of Fedhas.
  5216 | D:6      | Became a worshipper of Fedhas Madash
  5304 | D:6      | Reached skill level 9 in Ranged Weapons
  5566 | D:6      | Noticed a wyvern
  5579 | D:6      | Killed a wyvern
  5713 | D:6      | Reached skill level 10 in Ranged Weapons
  6117 | D:7      | Found a staircase to the Ecumenical Temple.
  6123 | Temple   | Entered the Ecumenical Temple
  6160 | D:7      | Reached XP level 9. HP: 59/59 MP: 5/10
  6162 | D:7      | Found a transporter.
  6216 | D:7      | Found a transporter.
  6248 | D:7      | Reached * piety under Fedhas
  6264 | D:7      | Reached skill level 11 in Ranged Weapons
  6336 | D:7      | Noticed HC7's ghost (novice TrWr)
  6404 | D:7      | Learned a level 3 spell: Inner Flame
  6409 | D:7      | Learned a level 4 spell: Cause Fear
  7375 | D:8      | Found a staircase to the Lair.
  7438 | D:8      | Reached skill level 5 in Hexes
  7463 | D:8      | Reached ** piety under Fedhas
  7635 | D:8      | Reached skill level 12 in Ranged Weapons
  7786 | D:8      | Found a sacrificial altar of Ru.
  7793 | D:8      | Found a stormy altar of Qazlal.
  7820 | D:8      | Reached XP level 10. HP: 65/65 MP: 9/11
  7885 | D:8      | Reached skill level 13 in Ranged Weapons
  8448 | D:9      | Noticed a two-headed ogre
  8549 | D:9      | Noticed a two-headed ogre
  8577 | D:8      | Killed a two-headed ogre
  8578 | D:8      | Reached skill level 14 in Ranged Weapons
  8675 | D:8      | Killed a two-headed ogre
  8730 | D:9      | Noticed a two-headed ogre
  8885 | D:8      | Reached skill level 15 in Ranged Weapons
  8923 | D:9      | Noticed a two-headed ogre
  8962 | D:9      | Found Get Zyc's Jewellery Boutique.
  9141 | D:9      | Killed a two-headed ogre
  9142 | D:9      | Reached XP level 11. HP: 70/70 MP: 9/12
  9151 | D:9      | Killed a two-headed ogre
  9300 | D:9      | Found Sick's Magic Scroll Boutique.
  9309 | D:9      | Bought a scroll of identify for 32 gold pieces
  9309 | D:9      | Bought a scroll of teleportation for 48 gold pieces
  9500 | D:9      | Found Iqemoov's Book Boutique.
  9551 | D:9      | Reached skill level 16 in Ranged Weapons
  9749 | D:9      | Found Ujas's Book Shoppe.
  9850 | D:10     | Entered Level 10 of the Dungeon
 10226 | D:10     | Reached skill level 1 in Invocations
 10250 | D:10     | Reached *** piety under Fedhas
 10775 | D:11     | Noticed a manticore
 10783 | D:11     | Killed a manticore
 10834 | D:11     | Found a runed translucent gate.
 10835 | D:11     | Found a runed translucent gate.
 10835 | D:11     | Found a runed translucent gate.
 10835 | D:11     | Noticed a cyan ugly thing
 10835 | D:11     | Noticed a white ugly thing
 10837 | D:11     | Noticed a purple ugly thing
 10838 | D:11     | Noticed a purple ugly thing
 10838 | D:11     | Noticed a purple ugly thing
 10841 | D:11     | a raiju changed into a lindwurm
 10841 | D:11     | Noticed a lindwurm (glowing shapeshifter)
 10844 | D:11     | a lindwurm changed into a manticore
 10844 | D:11     | Noticed a manticore (glowing shapeshifter)
 10850 | D:11     | a manticore changed into a moth of wrath
 10850 | D:11     | Noticed a moth of wrath (glowing shapeshifter)
 10852 | D:11     | a moth of wrath changed into a komodo dragon
 11584 | D:11     | Noticed a two-headed ogre
 11615 | D:11     | Noticed a boulder beetle
 11631 | D:11     | Killed a boulder beetle
 11777 | D:11     | Found a roughly hewn altar of Beogh.
 11777 | D:11     | Found a staircase to the Orcish Mines.
 11777 | D:11     | Noticed a centaur warrior
 12111 | D:11     | HP: 2/77 [centaur warrior/arrow (17)]
 12485 | D:11     | Reached **** piety under Fedhas
 12579 | D:12     | Noticed Fannar
 12597 | D:11     | Noticed a glowing orange brain
 12674 | Lair:1   | Entered Level 1 of the Lair of Beasts
 12791 | Lair:1   | Reached skill level 5 in Dodging
 12791 | Lair:1   | Reached skill level 5 in Invocations
 12816 | Lair:1   | Reached XP level 12. HP: 85/85 MP: 11/15
 12825 | Lair:1   | Reached skill level 5 in Fighting
 13192 | Lair:2   | Found a staircase to the Snake Pit.
 13644 | Lair:2   | Noticed a seven-headed hydra
 13663 | Lair:2   | Killed a seven-headed hydra
 14933 | Lair:3   | Reached ***** piety under Fedhas
 15261 | Lair:3   | Reached XP level 13. HP: 98/101 MP: 19/19
 15421 | Lair:3   | Reached skill level 10 in Fighting
 15608 | Lair:3   | Reached skill level 1 in Evocations
 15756 | Lair:3   | Learned a level 4 spell: Dimensional Bullseye
 16103 | Lair:4   | Found a viscous altar of Jiyva.
 16310 | Lair:4   | Found a staircase to the Slime Pits.
 16994 | Lair:4   | Reached skill level 10 in Invocations
 17338 | Lair:5   | Entered Level 5 of the Lair of Beasts
 18317 | Lair:5   | Reached skill level 5 in Evocations
 18471 | Lair:5   | Reached ****** piety under Fedhas
 18558 | Lair:5   | Reached XP level 14. HP: 110/110 MP: 20/22
 18657 | Lair:5   | Killed by an exploding ballistomycete spore... set off by
                  | their pet

Illustrated notes

Levels and vault maps discovered:
D:1:      ncdulo_watergridlock, layout_loops_corners
D:2:      layout_basic, ebering_ecumenical_altar_mist
D:3:      layout_loops_ring, mainiacjoe_overflow_brackets, uniq_jessica
D:4:      minmay_bubble_buster, layout_loops_cross
D:5:      layout_layer_cave, nicolae_overflow_hidden_temple,
          mainiacjoe_overflow_divided_tiny, serial_shops, shop
D:6:      layout_basic, fedhas_ov_isle_minmay, uniq_eustachio
D:7:      layout_cave_pools, minmay_temple_entry_grid,
          gammafunk_ghost_stat_death
D:8:      layout_basic, amethyst_overflow_temple_binary, dpeg_oklobed_lair,
          reono_crystal_passage
D:9:      layout_irregular_city, serial_shops, nicolae_shop_tiny_waterfront,
          shop, shop, shop, minmay_alternating_orb
D:10:     layout_basic, dreamdust_princess_corridor
D:11:     layout_roguey, david_orc_5,
          ploomutoo_gammafunk_ghost_potion_laboratory
D:12:     layout_irregular_city, serial_shops, shop, gauntlet_entry_generic,
          uniq_fannar
Temple:   eino_wide_crystal_templ
Lair:1:   layout_misc_corridors, st_stairs_9, serial_bayou_shore_a,
          grunt_megastairs_2
Lair:2:   layout_gridlike, dummy_snake_entry, beast_lair_carwin_4
Lair:3:   layout_gridlike, nicolae_swamp_entry_splash_gauntlet,
          nicolae_quartered_pool_super, st_stairs_8,
          chequers_serial_rivers_micro_b, minmay_lindwurm_lava,
          infiniplex_staircase_pool_2
Lair:4:   layout_layer_cave, minmay_slime_entry_pillars,
          infiniplex_staircase_pool, lemuel_fruit_tree
Lair:5:   hellmonk_lair_end_abyssal_woods, layout_regular_city,
          dreamdust_wasp_nest

Skill      XL: |  1  2  3  4  5  6  7  8  9 10 11 12 13 14 |
---------------+-------------------------------------------+-----
Ranged Weapons | 3 5 6 8 10 12 15 16 | 16.0
Stealth        | 1 2 3 4 |  4.0
Hexes          | 4 5 |  5.0
Fire Magic     | 2 |  2.0
Invocations    | 5 9 10 11 | 11.0
Fighting       | 4 9 10 | 10.0
Dodging        | 5 7 |  7.9
Evocations     | 5 |  5.7
Spellcasting   | |  1.0

Action                     |  1- 3 |  4- 6 |  7- 9 | 10-12 | 13-15 || total
---------------------------+-------+-------+-------+-------+-------++-------
  Melee: Unarmed           |       |       |    22 |       |       ||    22
         Sling             |       |       |     4 |     5 |       ||     9
   Fire: Sling             |    79 |   152 |   382 |   122 |       ||   735
         Orcbow            |       |       |       |   800 |   556 ||  1356
  Throw: Dart              |       |       |       |     1 |       ||     1
   Cast: Jinxbite          |     6 |    14 |    52 |    92 |    35 ||   199
         Inner Flame       |       |       |       |     2 |     4 ||     6
 Invoke: Wall of Briars    |       |       |       |     2 |       ||     2
         Grow Ballistomyce |       |       |       |       |     1 ||     1
         Overgrow          |       |       |       |       |     1 ||     1
  Evoke: Wand              |       |       |       |     3 |       ||     3
         Condenser vane    |       |       |       |     1 |     1 ||     2
    Use: Scroll            |     2 |       |     2 |    16 |     2 ||    22
         Potion            |       |       |     2 |     3 |     2 ||     7
 Armour: Robe              |    69 |    68 |    45 |       |       ||   182
         Skin              |       |       |    65 |       |       ||    65
         Leather armour    |       |       |   122 |     6 |       ||   128
         Steam dragon scal |       |       |       |   358 |   205 ||   563
  Dodge: Dodged            |    88 |    66 |   149 |   354 |   219 ||   876

Table legend: (Time is in decaauts)
 A = Elapsed time spent in this place.
 B = Non-inter-level travel time spent in this place.
 C = Inter-level travel time spent in this place.
 D = Time resting spent in this place.
 E = Time spent auto-exploring this place.
 F = Levels seen in this place.
 G = Mean time per level.
                   A        B        C        D        E       F      G
               +--------+--------+--------+--------+--------+-----+--------+
         Total |  18417 |  17159 |   1258 |   2247 |  11310 |  18 | 1023.2 |
       Dungeon |  12676 |  11768 |    908 |   1444 |   8066 |  12 | 1056.3 |
        Temple |      1 |      1 |      0 |      0 |      0 |   1 |    1.0 |
          Lair |   5739 |   5389 |    350 |    803 |   3244 |   5 | 1147.8 |
               +--------+--------+--------+--------+--------+-----+--------+

Top non-repeatable levels by time:
  Lair:4: 1644 daAuts
     D:8: 1637 daAuts
  Lair:2: 1568 daAuts
    D:11: 1473 daAuts
     D:5: 1415 daAuts
    D:10: 1329 daAuts
     D:4: 1281 daAuts
     D:9: 1140 daAuts
  Lair:3: 1079 daAuts
     D:6: 1044 daAuts
  Lair:5: 1033 daAuts
     D:7: 947 daAuts
     D:2: 822 daAuts
     D:1: 791 daAuts
     D:3: 790 daAuts
